 Dungeon Crawl Stone Soup version 0.24.0-1-gfbc8707 (webtiles) character file.

Game seed: 13530427273030556660, levelgen mode: deterministic

3290 Fang the Fighter (level 10, 0/96 HPs)
             Began as a Gargoyle Berserker on Oct 25, 2019.
             Was a Priest of Trog.
             Slain by a killer bee (6 damage)
             ... on level 8 of the Dungeon.
             The game lasted 00:09:23 (7387 turns).

Fang the Fighter (Gargoyle Berserker)               Turns: 7387, Time: 00:09:23

Health: 0/96       AC: 18    Str: 29    XL:     10   Next: 1%
Magic:  10/10      EV: 11    Int:  8    God:    Trog [***...]
Gold:   386        SH:  0    Dex:  9    Spells: 9/9 levels left

rFire    . . .     SeeInvis .   a - +4 war axe
rCold    + . .     Gourm    .   (no shield)
rNeg     + . .     Faith    .   b - +0 chain mail
rPois    ∞         Spirit   .   (no helmet)
rElec    +         Reflect  .   s - scarf {repulsion}
rCorr    .         Harm     .   (no gloves)
MR       ++...                  (no boots)
Stlth    ..........             (no amulet)
HPRegen  1.26/turn              o - ring of protection from cold
MPRegen  0.12/turn              (no ring)

@: berserking, starving, regenerating, repel missiles, very quick
A: negative energy resistance 1, electricity resistance, unbreathing,
petrification resistance, rot immunity, AC +7
a: Berserk, Trog's Hand, Renounce Religion


You were on level 8 of the Dungeon.
You worshipped Trog.
Trog was most pleased with you.
You were starving.

You visited 2 branches of the dungeon, and saw 9 of its levels.

You collected 386 gold pieces.

Inventory:

Hand Weapons
 a - a +4 war axe (weapon)
Armour
 b - a +0 chain mail (worn)
 s - a scarf of repulsion (worn)
Jewellery
 o - a ring of protection from cold (left hand)
Wands
 d - a wand of polymorph (14)
 x - a wand of iceblast (3)
 y - a wand of random effects (21)
Scrolls
 e - 6 scrolls of identify
 f - 4 scrolls of teleportation
 h - 2 scrolls of enchant armour
 l - a scroll of magic mapping {unknown}
 m - a scroll of immolation
 n - 7 scrolls of remove curse
Potions
 g - 2 potions of cancellation
 i - 2 potions of heal wounds
 j - 2 potions of might
 k - 2 potions of curing
 p - a potion of haste
 q - a potion of degeneration {unknown}
 z - a potion of agility
Comestibles
 c - 19 rations
 u - 3 chunks of flesh


   Skills:
 + Level 8.2 Fighting
 + Level 6.9 Axes
 + Level 7.8 Armour
 + Level 5.9 Dodging


You had 9 spell levels left.
You didn't know any spells.
Your spell library was empty.

Dungeon Overview and Level Annotations

Branches:
Dungeon (8/15)             Temple (1/1) D:4
   Lair: D:8-11

Altars:
Ashenzari
Fedhas
Gozag
Makhleb
Nemelex Xobeh
Okawaru
Qazlal
Ru
Sif Muna
Trog
Uskayaw
Wu Jian
Xom
The Shining One

Shops:
D:4 }


Innate Abilities, Weirdness & Mutations

You are resistant to torment.
Your stone body is resilient. (AC +7)
You are immune to poison.
You resist negative energy. (rN+)
You are resistant to electric shocks. (rElec)
You can survive without breathing.
You are immune to petrification.
You are immune to rotting.


Message History

Eat one of 4 chunks of flesh? (ye/n/q)
You eat one of the 4 chunks of flesh.
This raw flesh tastes terrible.
You are feeling hungry.
The killer bee stings you but does no damage.
The killer bee completely misses you. The killer bee barely misses you.
The killer bee closely misses you.
The killer bee stings you but does no damage.
The killer bee stings you.
* * * LOW HITPOINT WARNING * * *
The hungry ghost hits you.
You are feeling very hungry.
A red film seems to cover your vision as you go berserk!
You feel yourself moving faster!
You feel mighty!
You are starving!
The killer bee barely misses you.
The killer bee stings you but does no damage.
The killer bee barely misses you. The killer bee stings you.
* * * LOW HITPOINT WARNING * * *
The killer bee completely misses you. The killer bee stings you.
You die...

#.##.# #.##.#
#.##.# #.##.#
#.##.# #.##.## #
..
#.######.#.yy#.#.#
..
#........)..@..)#
#.
######..[..yW..#.#
.. #.#.......# .
##.#.......# #
#........###
#########..###...#
...........# ##.##
#########..# #.# #
#..####.####.###


You could see a hungry ghost and 3 killer bees.

Vanquished Creatures
  The ghost of Bucky5 the Chopper, a novice DsCK of Xom (D:6)
  The ghost of KoboldVaak the Grave Robber, a novice KoNe (D:6)
  Grinder (D:3)
  A hippogriff (D:8)
  A black bear (D:6)
  An ice beast (D:6)
  A sky beast (D:6)
  2 phantoms (D:6)
  6 ogres
  2 centaurs
  3 bullfrogs
  2 scorpions
  A killer bee (D:8)
  2 centaur zombies
  A bullfrog zombie (D:7)
  An orc priest (D:6)
  2 hounds (D:5)
  2 centaur skeletons
  An orc wizard (D:6)
  An iguana (D:5)
  6 worker ants
  A hound zombie (D:7)
  A hound skeleton (D:4)
  Robin (D:3)
  4 gnolls
  12 adders
  2 shadow imps
  An adder zombie (D:7)
  3 worms
  A dart slug (D:2)
  8 leopard geckos
  3 orcs
  A ball python (D:1)
  3 bats
  7 giant cockroaches
  15 goblins
  21 hobgoblins
  2 jackals (D:6)
  4 quokkas
  5 frilled lizards
  9 kobolds
  A leopard gecko skeleton (D:4)
  A leopard gecko zombie (D:5)
  4 rats
149 creatures vanquished.

Vanquished Creatures (others)
  2 withered plants (D:6)
2 creatures vanquished.

Grand Total: 151 creatures vanquished

Notes
Turn   | Place    | Note
-------+----------+-------------------------------------------
     0 | D:1      | Fang the Gargoyle Berserker began the quest for the Orb.
     0 | D:1      | Reached XP level 1. HP: 14/14 MP: 1/1
    98 | D:1      | Reached XP level 2. HP: 14/19 MP: 2/2
   325 | D:1      | Found a sparkling altar of Nemelex Xobeh.
   511 | D:1      | Reached XP level 3. HP: 18/23 MP: 3/3
   521 | D:1      | HP: 1/36 [kobold/+4 whip (9)]
  1200 | D:2      | Reached ** piety under Trog
  1262 | D:2      | Reached XP level 4. HP: 15/29 MP: 4/4
  1532 | D:2      | Reached skill level 4 in Fighting
  1824 | D:2      | Reached XP level 5. HP: 30/33 MP: 5/5
  1955 | D:3      | Noticed Robin
  1973 | D:3      | Reached *** piety under Trog
  1978 | D:3      | Killed Robin
  2430 | D:3      | Noticed Grinder
  2439 | D:3      | Killed Grinder
  2439 | D:3      | Reached XP level 6. HP: 38/40 MP: 6/6
  2793 | D:4      | Reached skill level 5 in Fighting
  2867 | D:4      | Found Deasulapt's Gadget Shop.
  3001 | D:4      | Reached XP level 7. HP: 43/44 MP: 7/7
  3480 | D:4      | Found a staircase to the Ecumenical Temple.
  3550 | D:4      | Found an ornate altar of the Wu Jian Council.
  3851 | Temple   | Entered the Ecumenical Temple
  3872 | D:5      | Entered Level 5 of the Dungeon
  3952 | D:5      | Reached skill level 5 in Armour
  4215 | D:5      | Found a sparkling altar of Nemelex Xobeh.
  4265 | D:5      | Found a blossoming altar of Fedhas.
  4270 | D:5      | Found a sacrificial altar of Ru.
  4277 | D:5      | Found a stormy altar of Qazlal.
  4282 | D:5      | Found a burning altar of Makhleb.
  4293 | D:5      | Found a bloodstained altar of Trog.
  4300 | D:5      | Found a shimmering blue altar of Sif Muna.
  4305 | D:5      | Found a shimmering altar of Xom.
  4386 | D:5      | Reached XP level 8. HP: 51/51 MP: 8/8
  4611 | D:6      | Reached skill level 6 in Fighting
  4636 | D:6      | Reached **** piety under Trog
  4643 | D:6      | Reached skill level 5 in Axes
  5310 | D:6      | Found a runed translucent gate.
  5311 | D:6      | Found a runed translucent gate.
  5312 | D:6      | Found a runed translucent gate.
  5313 | D:6      | Noticed Bucky5's ghost (novice DsCK)
  5313 | D:6      | Noticed KoboldVaak's ghost (novice KoNe)
  5508 | D:6      | Reached XP level 9. HP: 39/56 MP: 9/9
  5787 | D:6      | Reached skill level 7 in Fighting
  6157 | D:6      | Reached skill level 5 in Dodging
  6429 | D:6      | Killed Bucky5's ghost
  6478 | D:6      | Killed KoboldVaak's ghost
  7007 | D:7      | Reached skill level 8 in Fighting
  7380 | D:8      | Reached XP level 10. HP: 19/64 MP: 10/10
  7387 | D:8      | Slain by a killer bee

Levels and vault maps discovered:
D:1:      mrwooster_arrival_statue, layout_basic, nemelex_diamond_rough_becter
D:2:      layout_rooms, kennysheep_big_empty_room
D:3:      layout_rooms, uniq_grinder, uniq_robin
D:4:      layout_loops_corners, nicolae_overflow_hidden_temple, temple_pool_b,
          serial_shops, shop_statue
D:5:      layout_loops_ring, nemelex_xobeh_ov_fountains_minmay,
          grunt_temple_overflow_octagram, first_ration
D:6:      layout_basic, gammafunk_ghost_cemetery
D:7:      layout_basic
D:8:      layout_loops_ring, ebering_ghost_funeral_grove
Temple:   cyrus_circular_temple

Skill      XL: |  1  2  3  4  5  6  7  8  9 |
---------------+----------------------------+-----
Axes           | 3 4 5 6 |  6.9
Dodging        | 2 3 4 5 |  5.9
Fighting       | 4 5 6 8 |  8.2
Armour         | 3 4 5 6 7 |  7.8

Action                   |  1- 3 |  4- 6 |  7- 9 | 10-12 || total
-------------------------+-------+-------+-------+-------++-------
Melee: Hand axe          |    99 |       |       |       ||    99
       War axe           |    14 |   147 |   302 |       ||   463
Invok: Berserk           |     2 |     2 |     9 |     1 ||    14
       Trog's Hand       |       |       |     4 |     1 ||     5
  Use: Scroll            |       |       |    20 |       ||    20
 Stab: Sleeping          |     1 |       |     1 |       ||     2
  Eat: Chunk             |     3 |     7 |    18 |     3 ||    31
       Ration            |       |       |     2 |       ||     2
Armor: Animal skin       |    32 |    52 |   113 |       ||   197
       Chain mail        |       |       |    73 |    24 ||    97
Dodge: Dodged            |    90 |   145 |   257 |    22 ||   514
       Deflected         |       |       |     3 |       ||     3
